 Dungeon Crawl Stone Soup version 0.23.2-30-g0e89c35649 (webtiles) character file.

Game seed: 7239021700791315387

189 Brecoman the Bolt Thrower (level 6, -2/35 HPs)
             Began as a Kobold Hunter on June 13, 2019.
             Slain by an iguana (13 damage)
             ... on level 3 of the Dungeon.
             The game lasted 00:10:07 (3368 turns).

Brecoman the Bolt Thrower (Kobold Hunter)           Turns: 3368, Time: 00:10:07

Health: -2/35      AC:  4    Str: 11    XL:     6   Next: 0%
Magic:  6/6        EV: 16    Int: 12    God:
Gold:   151        SH:  0    Dex: 16    Spells: 5/5 levels left

rFire    + . .     SeeInvis .   b - +0 short sword
rCold    x . .     Gourm    .   (shield restricted)
rNeg     . . .     Faith    .   c - +0 leather armour
rPois    .         Spirit   .   (no helmet)
rElec    .         Reflect  .   p - +0 cloak
rCorr    .         Harm     .   (no gloves)
MR       .....                  (no boots)
Stlth    ++........             (no amulet)
HPRegen  0.11/turn              (no ring)
MPRegen  0.10/turn              o - ring of fire

@: no status effects
A: small, carnivore
a: no special abilities


You were on level 3 of the Dungeon.
You were completely stuffed.

You visited 1 branch of the dungeon, and saw 4 of its levels.

You collected 151 gold pieces.

Inventory:

Hand Weapons
 a - a +2 hand crossbow
 b - a +0 short sword (weapon)
Missiles
 g - 91 stones (quivered)
Armour
 c - a +0 leather armour (worn)
 p - a +0 cloak (worn)
Jewellery
 o - a ring of fire (right hand)
Wands
 i - a wand of enslavement (6)
 q - a wand of iceblast (14)
Scrolls
 e - a scroll of enchant weapon
 h - 2 scrolls of identify
 k - a scroll of fear {unknown}
Potions
 j - 3 potions of agility
 m - a potion of curing {unknown}
 r - a potion of haste {unknown}
Comestibles
 f - 6 rations


   Skills:
 - Level 2.1 Fighting
 + Level 3.2 Short Blades
 + Level 5.8 Crossbows
 + Level 3.8 Dodging
 + Level 4.0 Stealth


You had 5 spell levels left.
You didn't know any spells.
Your spell library was empty.

Dungeon Overview and Level Annotations

Branches:
Dungeon (4/15)
 Temple: D:4-7

Altars:
Ashenzari
Cheibriados
Gozag
Makhleb
Nemelex Xobeh
Uskayaw
Vehumet
Wu Jian
Xom


Innate Abilities, Weirdness & Mutations

You are small and have problems with some larger weapons.
You are carnivorous and can eat meat at any time.


Message History

The iguana bites you!
You barely miss the iguana.
The iguana is heavily wounded.
The iguana bites you.
* * * LOW HITPOINT WARNING * * *
You hit the iguana but do no damage.
The iguana is heavily wounded.
The iguana barely misses you.
The jackal bites you but does no damage.
The jackal completely misses you.
You hear the brisk rusting of a distant drain.
The jackal misses you.
There is a stone staircase leading up here.
You see here an uncursed ring of teleportation.
The jackal closely misses you. The iguana closely misses you.
You climb upwards.
There is a stone staircase leading down here.
The iguana misses you. The jackal closely misses you. The iguana bites you!
You die...

#...##.#.# #.########.##
#...##...# #........#.##
#...###..###################.#.##
##.........................#.#.##
#######..#######...........#.#.#
........>...............####.#.#
########.#####...#...##.##..<#.#
#.# #hl.#...##.##.#.#.# #.#
#..@######....#.#.# #.# #...#
######.#.# #.# #...# #.#.#
#.#####...# #.#.# #.#.......#
#.#.# #.#.####..###########.#.#
#.#...................#.#
#.#####################.#
#.......................#


You could see an iguana and a jackal.

Vanquished Creatures
  A bullfrog (D:2)
  A hound (D:3)
  An adder (D:4)
  2 oozes
  A worm (D:2)
  A dart slug (D:1)
  A leopard gecko (D:2)
  3 orcs (D:3)
  2 ball pythons
  12 bats
  A giant cockroach (D:1)
  7 goblins
  4 hobgoblins
  10 jackals
  A quokka (D:2)
  5 frilled lizards
  6 kobolds
  9 rats
68 creatures vanquished.

Notes
Turn   | Place    | Note
-------+----------+-------------------------------------------
     0 | D:1      | Brecoman the Kobold Hunter began the quest for the Orb.
     0 | D:1      | Reached XP level 1. HP: 12/12 MP: 1/1
   208 | D:1      | Reached skill level 5 in Crossbows
   208 | D:1      | Reached XP level 2. HP: 17/17 MP: 2/2
   228 | D:1      | Reached skill level 1 in Short Blades
   737 | D:2      | Found an opulent altar of Gozag.
   739 | D:2      | Found a burning altar of Makhleb.
   744 | D:2      | Found a radiant altar of Vehumet.
   747 | D:2      | Found an ornate altar of the Wu Jian Council.
   747 | D:2      | Found a hide-covered altar of Uskayaw.
   747 | D:2      | Found a snail-covered altar of Cheibriados.
   747 | D:2      | Found a shimmering altar of Xom.
   748 | D:2      | Found a sparkling altar of Nemelex Xobeh.
   751 | D:2      | Found a shattered altar of Ashenzari.
   848 | D:1      | Reached XP level 3. HP: 3/21 MP: 3/3
  1774 | D:2      | Reached XP level 4. HP: 26/26 MP: 4/4
  2064 | D:2      | Found a faded altar of an unknown god.
  2679 | D:3      | Reached XP level 5. HP: 23/30 MP: 5/5
  3062 | D:4      | Noticed a bullfrog
  3080 | D:2      | Killed a bullfrog
  3317 | D:4      | Reached XP level 6. HP: 35/35 MP: 6/6
  3368 | D:3      | Slain by an iguana

Skill      XL: |  1  2  3  4  5 |
---------------+----------------+-----
Crossbows      | 5 |  5.8
Short Blades   | 1 2 3 |  3.2
Stealth        | 2 3 4 |  4.0
Dodging        | 3 |  3.8
Fighting       | |  2.1

Action                   |  1- 3 |  4- 6 || total
-------------------------+-------+-------++-------
Melee: Short sword       |     3 |    23 ||    26
 Fire: Hand crossbow     |    57 |    66 ||   123
Throw: Stone             |       |     4 ||     4
  Use: Scroll            |       |     5 ||     5
  Eat: Chunk             |    11 |     5 ||    16
Armor: Leather armour    |     1 |     9 ||    10
Dodge: Dodged            |     9 |    46 ||    55
